 Dungeon Crawl Stone Soup version 0.26-a0-651-gb41185065b (webtiles) character file.

Game seed: 10066840425378440207

435561 Flugslaktarn the Peltast (level 22, -13/231 HPs)
             Began as a Deep Dwarf Fighter on Oct 5, 2020.
             Was the Champion of Makhleb.
             Mangled by an Orb Guardian (46 damage)
             ... on level 5 of the Realm of Zot.
             The game lasted 00:20:39 (18993 turns).

Flugslaktarn the Peltast (Deep Dwarf Fighter)      Turns: 18993, Time: 00:20:40

Health: -13/231    AC: 40    Str: 27      XL:     22   Next: 60%
Magic:  11/11      EV: 13    Int:  6      God:    Makhleb [******]
Gold:   1564       SH: 27    Dex: 14 (15) Spells: 21/21 levels left

rFire    + + +     SeeInvis .   a - +4 broad axe
rCold    + + .     Faith    +   i - -1 tower shield
rNeg     + + .     Spirit   .   e - +0 gold dragon scales
rPois    +         Reflect  .   G - +2 helmet
rElec    .         Harm     .   J - +2 cloak of the Gods {rF+ Slay+3}
rCorr    .         Rampage  .   y - +2 pair of gloves {Dex+3}
MR       +++..                  N - +5 pair of boots of Febuczec {rF+ Dex+2}
Stlth    ..........             H - amulet "Dissil" {Faith rN+}
HPRegen  0.00/turn              v - +4 ring of evasion
MPRegen  0.12/turn              p - +4 ring of protection

@: non-regenerating
A: damage resistance, heal wounds, large bone plates 1, rugged brown scales 1,
clumsy 1, cold resistance 1, deformed body, deterioration 1, dopey 2, low mp 1,
negative energy resistance 1, sense surroundings 3, weak 1, no regeneration
}: 3/15 runes: barnacled, abyssal, gossamer
a: Heal Wounds, Minor Destruction, Lesser Servant of Makhleb, Major Destruction,
Greater Servant of Makhleb, Renounce Religion


You were on level 5 of the Realm of Zot.
You worshipped Makhleb.
Makhleb was exalted by your worship.
You visited 7 branches of the dungeon, and saw 37 of its levels.
You visited the Abyss 1 time.
You visited 1 bazaar.
You also visited: Gauntlet.

You collected 2784 gold pieces.
You spent 1220 gold pieces at shops.

Inventory:

Hand Weapons
 a - a +4 broad axe (weapon)
   (You took it off a death knight on level 14 of the Dungeon)
 b - a +2 hand axe of distortion
   (You took it off a meliai on level 13 of the Dungeon)
Missiles
 L - 3 throwing nets (quivered)
Armour
 e - +0 gold dragon scales (worn)
   (You bought it in a shop on level 9 of the Dungeon)
 i - a -1 tower shield (worn)
   (You found it on level 6 of the Dungeon)
 y - a +2 pair of gloves of dexterity (worn)
   (You found it in a Gauntlet)
 G - a +2 helmet (worn)
   (You found it on level 10 of the Dungeon)
 J - the +2 cloak of the Gods (worn) {rF+ Slay+3}
   (You found it on level 11 of the Dungeon)

   It affects your accuracy and damage with ranged weapons and melee attacks
   (+3).
   It protects you from fire.
 N - the +5 pair of boots of Febuczec (worn) {rF+ Dex+2}
   (You found it in a Gauntlet)

   It affects your dexterity (+2).
   It protects you from fire.
Jewellery
 f - an uncursed ring of protection from fire
   (You took it off an orc wizard on level 4 of the Dungeon)
 k - an uncursed amulet of reflection
   (You took it off an orc priest on level 4 of the Dungeon)
 o - an uncursed amulet of the acrobat {unknown}
   (You found it on level 1 of the Depths)
 p - a +4 ring of protection (right hand)
   (You took it off a minotaur in a Gauntlet)
 v - a +4 ring of evasion (left hand)
   (You found it on level 8 of the Dungeon)
 H - the amulet "Dissil" (around neck) {Faith rN+}
   (You found it in a Gauntlet)

   [amulet of faith]

   It allows you to gain divine favour quickly.
   It protects you from negative energy.
Wands
 c - a wand of iceblast (10)
   (You found it on level 7 of the Dungeon)
 j - a wand of acid (1)
   (You took it off an orc priest on level 6 of the Dungeon)
 m - a wand of enslavement (16)
   (You took it off Pikel on level 5 of the Dungeon)
 u - a wand of digging (10)
   (You took it off Blork the orc on level 6 of the Dungeon)
Scrolls
 n - 3 scrolls of fear
 r - 4 scrolls of identify
 s - a scroll of enchant armour
 t - 11 scrolls of teleportation
 x - 8 scrolls of remove curse
 z - a scroll of blinking
 A - a scroll of enchant weapon
 D - a scroll of fog
 I - 3 scrolls of immolation
Potions
 d - 2 potions of might
 g - 7 potions of lignification
 h - 3 potions of haste
 l - 7 potions of ambrosia
 q - 5 potions of curing
 w - 3 potions of heal wounds
 E - 2 potions of stabbing
 K - 4 potions of flight
 M - a potion of invisibility
 O - 4 potions of mutation
 P - a potion of magic
Miscellaneous
 C - a tin of tremorstones (3/3)
   (You found it in a Gauntlet)
 F - a condenser vane (2/2)
   (You bought it in a shop on level 10 of the Dungeon)


   Skills:
 + Level 19.3 Fighting
 - Level 18.0 Axes
 + Level 19.5 Armour
 - Level 6.0 Dodging
 + Level 20.1 Shields
 - Level 15.0 Invocations
 - Level 10.0 Evocations


You had 21 spell levels left.
You didn't know any spells.
Your spell library was empty.

Dungeon Overview and Level Annotations

Branches:
Dungeon (15/15)            Temple (1/1) D:4            Lair (3/6) D:11
 Shoals (4/4) Lair:3       Spider (4/4) Lair:2          Orc (0/2) D:10
 Vaults (0/5) D:14         Depths (5/5) D:15            Zot (5/5) Depths:5
Gauntlet (visited)

Altars:
Ashenzari
Cheibriados
Dithmenos
Fedhas
Gozag
Hepliaklqana
Kikubaaqudgha
Makhleb
Nemelex Xobeh
Okawaru
Qazlal
Ru
Sif Muna
Uskayaw
Vehumet
Wu Jian
Xom
Yredelemnul
Zin
The Shining One

Shops:
D:9 *   D:10 }   Shoals:1 [   Shoals:4 [=

Portals:
Hell: Depths:4
Abyss: Depths:3 Depths:4
Pandemonium: Depths:3
Ziggurat: Depths:5

Annotations:
Lair:2 exclusion: 2 oklob plants
Lair:3 exclusion: oklob plant


Innate Abilities, Weirdness & Mutations

You are resistant to damage.
You can heal yourself by infusing magical energy.
You resist negative energy. (rN+)
You passively map a large area around you.
You do not regenerate.
You are partially covered in large bone plates. (SH +4)
You are partially covered in rugged brown scales. (AC +1, +3% HP)
You are clumsy. (Dex -2)
Your flesh is cold resistant. (rC+)
Armour fits poorly on your strangely shaped body.
Your body sometimes deteriorates upon taking damage.
You are very dopey. (Int -4)
Your magical capacity is low. (-10% MP)
You are weak. (Str -2)


Message History

The Orb Guardian barely misses you. You block the moth of wrath's attack.
You slice the Orb Guardian!!
The Orb Guardian is severely wounded.
You hit the moth of wrath. You barely miss the Orb Guardian.
You hit the Orb Guardian but do no damage.
The Orb Guardian barely misses you. You block the Orb Guardian's attack.
The Orb Guardian hits you!!!
* * * LOW HITPOINT WARNING * * *
You block the Orb Guardian's attack.
The moth of wrath bites you but does no damage.
You are too injured to fight recklessly!
You are too injured to fight recklessly!
You feel much better. You block the Orb Guardian's attack. x2
The Orb Guardian hits you!!!
* * * LOW HITPOINT WARNING * * *
You block the Orb Guardian's attack. The Orb Guardian hits you!!
* * * LOW HITPOINT WARNING * * *
You block the moth of wrath's attack. The Orb Guardian hits you.
You block the Orb Guardian's attack. x2; The Orb Guardian hits you!!!
You die...

* * * ▓▓▓.. ,, ,*
▓▓▓............ , *
▓▓[............. ,,, ▓▓▓▓▓▓▓
▓............... ,, *
.......▓▓▓............... ,
, .......X▓▓...............
^..[..yX@▓..........^....
,,,...0...X^............^...
, .........▓...............
, ,
,........▓▓............... ,
, ^......▓▓▓.....^.........
, ▓▓▓▓▓▓▓ #..............^
,, * ##.............. *
##▓...........^ **
▓▓▓▓.....^...


You could see 3 Orb Guardians and a moth of wrath.

Vanquished Creatures
  5 orbs of fire (Zot:5)
  An ancient lich (Zot:5)
  Mara (Depths:1)
  A juggernaut (Depths:4)
  2 Killer Klowns (Zot:5)
  A curse toe (Zot:3)
  3 golden dragons
  3 bone dragons
  A hellephant (Abyss:5)
  Arachne (Spider:3)
  17 Orb Guardians (Zot:5)
  An electric golem (Zot:1)
  Rupert (Lair:3)
  8 tentacled monstrosities
  A titan (Depths:5)
  6 quicksilver dragons
  2 liches
  4 death cobs
  A kraken (Shoals:3)
  Kirke (Spider:1)
  3 tentacled starspawn (Abyss:5)
  3 tengu reavers
  6 storm dragons
  Roxanne (Shoals:1)
  A shadow dragon (Zot:3)
  2 draconian monks (Zot:1)
  5 fire giants
  Ilsuiw (Shoals:2)
  3 draconian knights
  4 emperor scorpions
  5 ghost moths
  3 draconian shifters
  2 frost giants
  3 draconian stormcallers
  An iron dragon (Depths:3)
  A deep elf elementalist (Abyss:5)
  7 draconian scorchers
  A spriggan defender (Depths:4)
  9 very ugly things
  5 stone giants
  2 entropy weavers (Spider:1)
  3 draconian annihilators
  A vampire knight (Depths:1)
  A lorocyproca (Abyss:4)
  A green draconian (shapeshifter) (Zot:4)
  4 black draconians
  5 red draconians
  10 green draconians
  6 purple draconians
  5 yellow draconians
  4 spark wasps
  A minotaur (Gauntlet)
  7 white draconians
  2 yaktaur captains
  2 ettins
  3 great orbs of eyes
  11 merfolk impalers (Shoals:4)
  3 merfolk javelineers
  2 fire dragons
  A hydra (D:15)
  Erolcha (D:12)
  3 ogre magi
  4 vault guards (Depths:5)
  9 centaur warriors
  2 rakshasas (Depths:3)
  8 ice dragons
  3 merfolk avatars
  2 spriggan air magi
  2 merfolk aquamancers (Shoals:4)
  12 two-headed ogres
  A death knight (D:14)
  4 satyrs
  A queen ant (Gauntlet)
  3 deep troll earth magi
  12 thrashing horrors
  4 deep troll shamans
  4 tengu warriors
  Urug (Lair:1)
  A spriggan berserker (Depths:4)
  10 hell knights
  3 wretched stars (Abyss:5)
  A skeletal warrior (D:14)
  2 iron trolls (Depths:2)
  A sixfirhy (Gauntlet)
  4 sea snakes
  A flayed ghost (Depths:3)
  3 unseen horrors
  16 deep trolls
  A glowing orange brain (Depths:2)
  2 wizards (D:15)
  An orange crystal statue (Gauntlet)
  Pikel (D:5)
  2 necromancers
  A wolf spider zombie (D:15)
  3 deep elf magi
  A harpy (Shoals:4)
  A lindwurm (shapeshifter) (D:13)
  A cyclops (D:15)
  An oklob plant (Shoals:3)
  26 wolf spiders
  12 fauns
  37 ugly things
  24 orb spiders
  A worldbinder (Abyss:5)
  7 manticores
  A shining eye (Abyss:5)
  2 black mambas
  4 merfolk sirens
  6 elephants (Lair:3)
  A guardian serpent (Zot:4)
  19 moths of wrath
  3 gargoyles
  3 cane toads
  An eye of devastation (shapeshifter) (D:12)
  An eye of devastation (Abyss:5)
  2 naga magi (D:15)
  A hellion (Abyss:5)
  2 torpor snails
  A catoblepas zombie (Abyss:5)
  4 komodo dragons
  A komodo dragon (shapeshifter) (Abyss:5)
  2 freezing wraiths (D:14)
  A kobold demonologist (D:14)
  A demonic crawler (Spider:2)
  An efreet (Abyss:5)
  A tormentor (Abyss:4)
  10 yaktaurs
  An ancient zyme (Abyss:4)
  3 tengu conjurers
  2 trolls
  Grinder (D:6)
  4 meliai
  2 trolls (shapeshifter)
  19 merfolk
  3 wind drakes
  21 jumping spiders
  9 hornets
  A hornet (shapeshifter) (Depths:4)
  A harpy zombie (D:15)
  A queen bee (Spider:2)
  A raiju (shapeshifter) (D:14)
  2 slime creatures (Depths:2)
  5 snapping turtles
  10 raiju
  2 dream sheep (Shoals:2)
  8 hippogriffs
  A meliai zombie (D:14)
  17 tarantellas
  56 redbacks
  A spriggan (shapeshifter) (Depths:2)
  7 large abominations
  6 flying skulls
  4 wraiths
  A tarantella (shapeshifter) (Depths:1)
  7 water elementals
  A shadow (D:13)
  9 yaks
  2 spriggans
  5 wyverns
  2 ynoxinuls (Abyss:4)
  A neqoxec (Abyss:4)
  3 chaos spawn
  Eustachio (D:6)
  2 basilisks
  5 small abominations
  5 vampire mosquitoes
  A harpy simulacrum (D:15)
  3 acid dragons
  Edmund (D:4)
  8 soldier ants
  4 water moccasins
  2 porcupines
  2 floating eyes (Depths:5)
  Duvessa (D:6)
  11 ice beasts
  A swamp drake (D:10)
  A meliai simulacrum (D:14)
  8 orc warriors
  4 sky beasts
  A black bear (D:6)
  A necrophage (D:7)
  31 starcursed masses
  6 boggarts
  6 phantoms
  21 centaurs
  2 eyes of draining
  15 ogres
  8 crocodiles
  8 big kobolds
  A lemure (D:5)
  17 bullfrogs
  Blork the orc (D:6)
  An earth elemental (Abyss:5)
  Dowan (D:6)
  2 wyvern skeletons
  3 scorpions
  44 killer bees
  2 electric eels (Lair:1)
  25 wights
  A jelly (D:6)
  4 howler monkeys
  4 centaur zombies
  2 bullfrog zombies
  A quasit (D:4)
  9 hounds
  4 orc priests
  2 bullfrog skeletons
  A gnoll shaman (D:8)
  12 orc wizards
  12 centaur skeletons
  4 iguanas
  10 worker ants
  A centaur simulacrum (D:12)
  2 hound skeletons
  12 gnolls
  12 adders
  3 white imps
  5 ufetubi
  An ooze (D:6)
  An adder zombie (D:9)
  4 leopard geckos
  42 orcs
  A bat (D:1)
  2 giant cockroaches
  A goblin (D:3)
  2 hobgoblins (D:1)
  14 jackals
  21 kobolds
  4 quokkas
  2 frilled lizards (D:4)
  A giant cockroach zombie (D:4)
  2 quokka skeletons
  2 rats (D:1)
  A starspawn tentacle (Abyss:5)
  2 tentacles (Shoals:3)
1188 creatures vanquished.

Vanquished Creatures (collateral kills)
  A ghost moth (Spider:4)
  An emperor scorpion (Spider:4)
  A spark wasp (Spider:4)
  2 hydras
  A flayed ghost (D:12)
  2 wolf spiders (Spider:4)
  A cane toad (Lair:2)
  A hornet (Spider:4)
  A redback (Spider:4)
11 creatures vanquished.

Vanquished Creatures (others)
  A frost giant (Depths:4)
  A great orb of eyes (Depths:5)
  2 thrashing horrors (Abyss:5)
  A wizard (D:15)
  2 wolf spiders
  A jumping spider (Spider:2)
  A hippogriff (D:13)
  2 redbacks (Spider:1)
  4 humans (Spider:1)
  A centaur (Depths:1)
  A bullfrog zombie (D:13)
  2 orc priests (D:13)
  3 orcs (D:13)
  A kobold (D:9)
  7 fungi
  47 plants
  10 starspawn tentacles (Abyss:5)
  9 tentacles (Shoals:3)
96 creatures vanquished.

Grand Total: 1295 creatures vanquished

Notes
Turn   | Place    | Note
-------+----------+-------------------------------------------
     0 | D:1      | Flugslaktarn the Deep Dwarf Fighter began the quest for the
                  | Orb.
     0 | D:1      | Reached XP level 1. HP: 20/20 MP: 1/1
   389 | D:2      | Reached XP level 2. HP: 25/28 MP: 2/2
   411 | D:3      | Reached XP level 3. HP: 30/34 MP: 3/3
   482 | D:4      | Found a staircase to the Ecumenical Temple.
   503 | Temple   | Entered the Ecumenical Temple
   525 | Temple   | Became a worshipper of Makhleb the Destroyer
   600 | D:4      | Reached XP level 4. HP: 35/42 MP: 4/4
   645 | D:4      | Reached skill level 1 in Invocations
   645 | D:4      | Noticed an ogre
   660 | D:4      | Reached XP level 5. HP: 50/50 MP: 4/6
   675 | D:4      | Reached skill level 4 in Shields
   685 | D:4      | Killed an ogre
   685 | D:4      | Reached XP level 6. HP: 42/57 MP: 7/7
  1086 | D:4      | Reached * piety under Makhleb
  1158 | D:5      | Entered Level 5 of the Dungeon
  1158 | D:5      | Noticed a sky beast
  1162 | D:5      | Noticed Edmund
  1197 | D:4      | Killed Edmund
  1204 | D:4      | Killed a sky beast
  1204 | D:4      | Reached skill level 5 in Axes
  1204 | D:4      | Reached XP level 7. HP: 39/66 MP: 6/6
  1273 | D:5      | Reached skill level 5 in Fighting
  1422 | D:5      | Found an ancient bone altar of Kikubaaqudgha.
  1422 | D:5      | Found a broken altar of Ashenzari.
  1892 | D:5      | Noticed Pikel
  1905 | D:5      | Killed Pikel
  1905 | D:5      | Reached skill level 5 in Armour
  1905 | D:5      | Reached skill level 5 in Shields
  1905 | D:5      | Reached XP level 8. HP: 63/76 MP: 6/6
  1989 | D:6      | Found an iron altar of Okawaru.
  2002 | D:6      | Noticed Blork the orc
  2004 | D:6      | Noticed Grinder
  2016 | D:6      | Paralysed by Grinder for 2 turns
  2019 | D:6      | Killed Blork the orc
  2019 | D:6      | Reached skill level 5 in Invocations
  2034 | D:6      | Killed Grinder
  2063 | D:6      | Noticed Duvessa
  2081 | D:6      | Noticed Dowan
  2114 | D:6      | Killed Dowan
  2128 | D:6      | Killed Duvessa
  2128 | D:6      | Gained mutation: You passively map the area around you.
                  | [Deep Dwarf growth]
  2128 | D:6      | Reached XP level 9. HP: 48/85 MP: 7/7
  2191 | D:6      | Reached skill level 6 in Shields
  2203 | D:6      | Reached ** piety under Makhleb
  2481 | D:6      | Noticed Eustachio
  2498 | D:6      | Killed Eustachio
  3073 | D:7      | Found a sacrificial altar of Ru.
  3266 | D:7      | Found a glowing silver altar of Zin.
  3491 | D:7      | Reached XP level 10. HP: 69/94 MP: 7/7
  3952 | D:8      | Reached *** piety under Makhleb
  3952 | D:8      | Reached skill level 7 in Shields
  4108 | D:8      | Reached **** piety under Makhleb
  4250 | D:8      | Noticed a two-headed ogre
  4265 | D:8      | Killed a two-headed ogre
  4330 | D:8      | Reached skill level 10 in Axes
  4359 | D:8      | Found a basalt altar of Yredelemnul.
  4365 | D:8      | Found a stormy altar of Qazlal.
  4490 | D:8      | Found an ornate altar of the Wu Jian Council.
  4513 | D:8      | Found a hazy altar of Hepliaklqana.
  4753 | D:9      | Found Tanosiry's General Store.
  4893 | D:9      | Noticed a two-headed ogre
  4901 | D:9      | Killed a two-headed ogre
  4901 | D:9      | Reached XP level 11. HP: 99/104 MP: 9/9
  4950 | D:9      | Paralysed by a hornet for 2 turns
  4953 | D:9      | Reached skill level 8 in Shields
  5309 | D:10     | Entered Level 10 of the Dungeon
  5400 | D:10     | Found Keucoziu's Gadget Shop.
  5412 | D:10     | Reached ***** piety under Makhleb
  5554 | D:10     | Noticed a brown ugly thing
  5575 | D:10     | Killed a brown ugly thing
  5740 | D:10     | Found a staircase to the Orcish Mines.
  5747 | D:10     | Reached skill level 1 in Evocations
  5904 | D:10     | Bought a condenser vane (2/2) for 260 gold pieces
  6233 | D:11     | Found a sparkling altar of Nemelex Xobeh.
  6250 | D:11     | Found a staircase to the Lair.
  6291 | D:11     | Got a jewelled cloak
  6297 | D:11     | Identified the +2 cloak of the Gods {rF+ Slay+3} (You found
                  | it on level 11 of the Dungeon)
  6604 | D:11     | Noticed a red ugly thing
  6613 | D:11     | Killed a red ugly thing
  6912 | D:12     | Killed an unseen horror
  6912 | D:12     | Reached skill level 10 in Fighting
  6996 | D:12     | Reached XP level 12. HP: 116/116 MP: 11/11
  6996 | D:12     | Noticed a four-headed hydra
  7010 | D:12     | Killed an 11-headed hydra
  7114 | D:12     | Noticed a fire giant
  7115 | D:12     | Noticed an ice dragon
  7116 | D:12     | Noticed a tengu reaver
  7123 | D:12     | Noticed a tengu reaver
  7124 | D:12     | Killed an ice dragon
  7124 | D:12     | Reached skill level 9 in Shields
  7126 | D:12     | Killed a fire giant
  7129 | D:12     | Killed a tengu reaver
  7129 | D:12     | Reached skill level 10 in Invocations
  7131 | D:12     | Killed a tengu reaver
  7131 | D:12     | Reached skill level 5 in Evocations
  7248 | D:12     | Found a frozen archway.
  7309 | D:12     | Noticed an ogre mage
  7312 | D:12     | Noticed a two-headed ogre
  7314 | D:12     | Noticed a two-headed ogre
  7315 | D:12     | Noticed a two-headed ogre
  7316 | D:12     | Killed an ogre mage
  7319 | D:12     | Noticed a two-headed ogre
  7321 | D:12     | Noticed Erolcha
  7324 | D:12     | Killed a two-headed ogre
  7333 | D:12     | HP: 5/118 [two-headed ogre/+0 giant spiked club (18)]
  7409 | D:12     | Killed Erolcha
  7410 | D:12     | Killed a two-headed ogre
  7413 | D:12     | Killed a two-headed ogre
  7413 | D:12     | Reached XP level 13. HP: 84/127 MP: 9/9
  7725 | D:13     | Reached ****** piety under Makhleb
  7920 | D:13     | Reached skill level 10 in Shields
  8265 | D:14     | Reached skill level 10 in Armour
  8742 | D:14     | Found a gate to the Vaults.
  9120 | D:15     | Entered Level 15 of the Dungeon
  9187 | D:15     | Gained mutation: You resist negative energy. (rN+) [Deep
                  | Dwarf growth]
  9187 | D:15     | Reached XP level 14. HP: 94/138 MP: 11/11
  9667 | D:15     | Found a staircase to the Depths.
  9866 | D:15     | Identified a scroll of acquirement
  9866 | D:15     | Acquired 808 gold pieces
  9988 | D:9      | Bought +0 gold dragon scales for 960 gold pieces
 10081 | Lair:1   | Entered Level 1 of the Lair of Beasts
 10081 | Lair:1   | Noticed Urug
 10094 | Lair:1   | Found a gate leading to a gauntlet.
 10103 | Gauntlet | Entered a Gauntlet
 10103 | Gauntlet | Found a transporter.
 10103 | Gauntlet | Found a transporter.
 10111 | Gauntlet | Found a transporter.
 10115 | Gauntlet | Found a transporter.
 10123 | Gauntlet | Found a transporter.
 10127 | Gauntlet | Found a transporter.
 10131 | Gauntlet | Found a runed translucent door.
 10131 | Gauntlet | Found a runed translucent door.
 10135 | Gauntlet | Found a transporter.
 10151 | Gauntlet | Found a transporter.
 10166 | Gauntlet | Found a transporter.
 10169 | Gauntlet | Found a transporter.
 10180 | Gauntlet | Found a transporter.
 10181 | Gauntlet | Found a transporter.
 10231 | Gauntlet | Got a pair of crude boots
 10241 | Gauntlet | Identified the +5 pair of boots of Febuczec {rF+ Dex+2}
                  | (You found it in a Gauntlet)
 10330 | Gauntlet | Got a bound lead amulet
 10347 | Gauntlet | Identified the amulet "Dissil" {Faith rN+} (You found it in
                  | a Gauntlet)
 10349 | Gauntlet | Identified the +6 glaive "Lainuw" {vorpal, rElec Str+3
                  | Int+4 Dex+4}
 10378 | Gauntlet | Got a scorched amber ring
 10417 | Gauntlet | Identified the ring "Zunedoes" {Int+3 SInv Stlth+} (You
                  | found it in a Gauntlet)
 10435 | Lair:1   | Killed Urug
 10463 | Lair:1   | Reached skill level 11 in Shields
 10469 | Lair:1   | You fall into a shaft and drop 1 floor!
 10484 | Lair:2   | Found a hole to the Spider Nest.
 11586 | Lair:3   | Noticed Rupert
 11630 | Lair:3   | Killed Rupert
 11864 | Lair:3   | Found a staircase to the Shoals.
 12380 | Spider:1 | Entered Level 1 of the Spider Nest
 12399 | Spider:1 | Noticed Kirke
 12415 | Spider:1 | Killed Kirke
 12415 | Spider:1 | Reached XP level 15. HP: 147/147 MP: 12/12
 12417 | Spider:1 | Reached skill level 15 in Axes
 12768 | Spider:2 | Reached skill level 1 in Dodging
 12780 | Spider:2 | Reached skill level 10 in Evocations
 13197 | Spider:3 | Noticed Arachne
 13223 | Spider:3 | Killed Arachne
 13223 | Spider:3 | Reached skill level 12 in Shields
 13280 | Spider:4 | Entered Level 4 of the Spider Nest
 13427 | Spider:4 | Reached XP level 16. HP: 127/158 MP: 14/14
 13794 | Spider:4 | Got a gossamer rune of Zot
 13795 | Spider:4 | Gained mutation: You are partially covered in thin metallic
                  | scales. (AC +2) [potion of mutation]
 13795 | Spider:4 | Gained mutation: You have a somewhat thin skeletal
                  | structure. (Dex +2, Stealth) [potion of mutation]
 13798 | Spider:4 | Reached skill level 13 in Shields
 13798 | Spider:4 | Reached XP level 17. HP: 166/166 MP: 10/15
 14029 | Shoals:1 | Entered Level 1 of the Shoals
 14029 | Shoals:1 | Found Vazudimy's Antique Armour Boutique.
 14029 | Shoals:1 | Noticed Roxanne
 14067 | Shoals:1 | Killed Roxanne
 14093 | Shoals:1 | Reached skill level 5 in Dodging
 14104 | Shoals:2 | Noticed Ilsuiw
 14128 | Shoals:2 | Killed Ilsuiw
 14557 | Shoals:3 | Noticed a kraken
 14602 | Shoals:3 | Killed a kraken
 14671 | Shoals:4 | Entered Level 4 of the Shoals
 14711 | Shoals:4 | Found Veproatzo's Armour Shop.
 14751 | Shoals:4 | Reached skill level 14 in Shields
 14761 | Shoals:4 | Found a flickering gateway to a bazaar.
 14770 | Bazaar   | Entered a bazaar
 14770 | Bazaar   | Found Cotekhl Kauv's Book Shop.
 14770 | Bazaar   | Found Ulyteu Rahi's Distillery.
 14780 | Bazaar   | Found Waumec's Armour Emporium.
 14804 | Bazaar   | Found Jaolanau's Antique Weapon Boutique.
 14816 | Bazaar   | Found Anyasish's Distillery.
 14925 | Shoals:4 | Got a clouded platinum ring
 14926 | Shoals:4 | Identified the ring of Ascent {rPois rF- Dex+3 SInv} (You
                  | found it on level 4 of the Shoals)
 15131 | Shoals:4 | Reached skill level 15 in Fighting
 15157 | Shoals:4 | Gained mutation: You passively map a large area around you.
                  | [Deep Dwarf growth]
 15157 | Shoals:4 | Reached XP level 18. HP: 178/178 MP: 14/16
 15199 | Shoals:4 | Got a barnacled rune of Zot
 15256 | Shoals:4 | Found Hitumpuck's Jewellery Emporium.
 15267 | Shoals:3 | Found a radiant altar of Vehumet.
 15557 | Depths:1 | Entered Level 1 of the Depths
 15563 | D:15     | Cast into level 3 of the Abyss (unwielding a weapon of
                  | distortion)
 15724 | Abyss:4  | Reached skill level 15 in Invocations
 15774 | Abyss:4  | Noticed a bone dragon
 15791 | Abyss:4  | Paralysed by accursed screaming for 1 turns
 15801 | Abyss:4  | Killed a bone dragon
 15804 | Abyss:4  | Noticed a bone dragon
 15836 | Abyss:4  | Noticed a bone dragon
 15869 | Abyss:4  | Killed a bone dragon
 16025 | Abyss:5  | Entered Level 5 of the Abyss
 16025 | Abyss:5  | Found a blossoming altar of Fedhas.
 16042 | Abyss:5  | Noticed a hellephant
 16110 | Abyss:5  | Killed a hellephant
 16154 | Abyss:5  | Gained mutation: You are occasionally teleported next to
                  | monsters. [a shining eye]
 16166 | Abyss:5  | Reached skill level 15 in Shields
 16174 | Abyss:5  | Noticed a bone dragon
 16176 | Abyss:5  | Paralysed by accursed screaming for 1 turns
 16212 | Abyss:5  | Killed a bone dragon
 16213 | Abyss:5  | Paralysed by accursed screaming for 1 turns
 16225 | Abyss:5  | Found a corrupted altar of Lugonu.
 16234 | Abyss:5  | Paralysed by accursed screaming for 1 turns
 16251 | Abyss:5  | Got an abyssal rune of Zot
 16266 | D:15     | Escaped the Abyss
 16267 | D:15     | Lost mutation: You are partially covered in thin metallic
                  | scales. (AC +2) [potion of mutation]
 16267 | D:15     | Lost mutation: You have a somewhat thin skeletal structure.
                  | (Dex +2, Stealth) [potion of mutation]
 16267 | D:15     | Lost mutation: You are occasionally teleported next to
                  | monsters. [potion of mutation]
 16267 | D:15     | Gained mutation: You tend to lose your temper in combat.
                  | [potion of mutation]
 16267 | D:15     | Gained mutation: Your flesh is cold resistant. (rC+)
                  | [potion of mutation]
 16268 | D:15     | Lost mutation: You tend to lose your temper in combat.
                  | [potion of mutation]
 16268 | D:15     | Gained mutation: You are partially covered in large bone
                  | plates. (SH +4) [potion of mutation]
 16268 | D:15     | Gained mutation: You are partially covered in rugged brown
                  | scales. (AC +1, +3% HP) [potion of mutation]
 16474 | Depths:1 | Noticed Mara
 16481 | Depths:1 | Noticed Flugslaktarn's illusion
 16550 | Depths:1 | Noticed Flugslaktarn's illusion
 16555 | Depths:1 | Noticed Flugslaktarn's illusion
 16565 | Depths:1 | Killed Mara
 16565 | Depths:1 | Reached XP level 19. HP: 119/193 MP: 17/17
 16765 | Depths:1 | Found a broken altar of Ashenzari.
 16993 | Depths:1 | Reached skill level 15 in Armour
 17074 | Depths:2 | Reached skill level 16 in Shields
 17134 | Depths:3 | Noticed a lich
 17148 | Depths:3 | Killed a lich
 17185 | Depths:3 | Found a one-way gate to the infinite horrors of the Abyss.
 17251 | Depths:3 | Found a one-way gate leading to the halls of Pandemonium.
 17434 | Depths:4 | Reached XP level 20. HP: 183/206 MP: 18/18
 17448 | Depths:4 | Noticed a juggernaut
 17478 | Depths:4 | Killed a juggernaut
 17503 | Depths:4 | Found a gateway to Hell.
 17569 | Depths:5 | Entered Level 5 of the Depths
 17595 | Depths:5 | Paralysed by a floating eye for 3 turns
 17623 | Depths:5 | Reached skill level 17 in Shields
 17632 | Depths:5 | Found a gateway to a ziggurat.
 17827 | Depths:5 | Paralysed by a floating eye for 3 turns
 17850 | Depths:5 | Found a gate to the Realm of Zot.
 17861 | Zot:1    | Entered Level 1 of the Realm of Zot
 18308 | Zot:3    | Noticed a curse toe
 18308 | Zot:3    | Noticed a golden dragon
 18329 | Zot:3    | Killed a golden dragon
 18389 | Zot:3    | Reached skill level 18 in Shields
 18403 | Zot:3    | Killed a curse toe
 18409 | Zot:3    | Reached XP level 21. HP: 117/217 MP: 16/16
 18537 | Zot:4    | Noticed a golden dragon
 18564 | Zot:3    | Killed a golden dragon
 18667 | Zot:4    | Noticed a golden dragon
 18679 | Zot:4    | Killed a golden dragon
 18760 | Zot:5    | Entered Level 5 of the Realm of Zot
 18787 | Zot:5    | Noticed an orb of fire
 18788 | Zot:5    | Noticed an orb of fire
 18790 | Zot:5    | Noticed an ancient lich
 18794 | Zot:5    | Noticed an orb of fire
 18795 | Zot:5    | Noticed an orb of fire
 18797 | Zot:5    | Noticed an orb of fire
 18803 | Zot:5    | Noticed a Killer Klown
 18808 | Zot:5    | Reached skill level 19 in Shields
 18808 | Zot:5    | Gained mutation: You are dopey. (Int -2) [an orb of fire]
 18811 | Zot:5    | Gained mutation: Armour fits poorly on your strangely
                  | shaped body. [an orb of fire]
 18811 | Zot:5    | Gained mutation: You are very dopey. (Int -4) [an orb of
                  | fire]
 18820 | Zot:5    | Gained mutation: You are clumsy. (Dex -2) [an orb of fire]
 18821 | Zot:5    | Killed an orb of fire
 18822 | Zot:5    | Gained mutation: Your body sometimes deteriorates upon
                  | taking damage. [an orb of fire]
 18825 | Zot:5    | Killed a Killer Klown
 18825 | Zot:5    | Reached XP level 22. HP: 229/229 MP: 15/15
 18830 | Zot:5    | Killed an orb of fire
 18830 | Zot:5    | Gained mutation: You are weak. (Str -2) [an orb of fire]
 18831 | Zot:5    | Killed an orb of fire
 18833 | Zot:5    | Gained mutation: Your magical capacity is low. (-10% MP)
                  | [an orb of fire]
 18839 | Zot:5    | Killed an orb of fire
 18844 | Zot:5    | Killed an orb of fire
 18873 | Zot:5    | Killed an ancient lich
 18883 | Zot:5    | Reached skill level 20 in Shields
 18888 | Zot:5    | Noticed a Killer Klown
 18936 | Zot:5    | Killed a Killer Klown
 18993 | Zot:5    | Mangled by an Orb Guardian

Illustrated notes

Levels and vault maps discovered:
D:1:      onia_arrival_mini_maze, layout_basic, chequers_serial_rivers_small_3,
          kennysheep_crisscross
D:2:      layout_loops_ring, uniq_crazy_yiuf_cottage
D:3:      layout_loops_ring, trog_eyes_of_draining, kennysheep_another_room,
          grunt_decor_fettered, lemuel_tele_altar
D:4:      layout_basic, temple_pool_b
D:5:      layout_cave_pods, nicolae_overflow_hidden_temple,
          kennysheep_generic_room_12, uniq_pikel, uniq_edmund
D:6:      minmay_chambers_of_fours, layout_basic, lemuel_crystal_altar,
          chequers_serial_rivers_room_b, uniq_grinder, uniq_duvessa,
          uniq_blork_the_orc, uniq_eustachio
D:7:      layout_layer_cave, marbit_many_paths, nicolae_ru_awakened_eye
D:8:      layout_basic, grunt_temple_overflow_cloverleaf
D:9:      layout_long_grid, serial_shops, kennysheep_mini
D:10:     layout_rooms, erik_orc_1, serial_shops, shop
D:11:     layout_irregular_city, lair_entry_dummy, lemuel_statue_altar
D:12:     minmay_complete_graph, layout_irregular_city,
          portal_ice_cave_entry_ice_beasts, uniq_erolcha
D:13:     layout_rooms, lemuel_flame_loot_1
D:14:     layout_gridville, hangedman_vaults_entry_quadrant_bands, minivault_24,
          bh_walls_and_bars
D:15:     grunt_enter_depths_magical_seal, layout_small_grid
Temple:   cyrus_circular_temple
Lair:1:   layout_big_grid, gauntlet_entry_generic, basic_altar, minivault_27,
          serial_bayou_shore_a, grunt_megastairs_4, infiniplex_staircase_pool,
          lemuel_fruit_tree, uniq_grum, uniq_urug, uniq_erica
Lair:2:   layout_regular_city, spider_nest_entry_a, minmay_lair_oklob_chamber
Lair:3:   layout_cave_pods, minmay_shoals_entry_centaurs, lemuel_fruit_fields,
          uniq_rupert
Shoals:1: layout_shoals, serial_shops, nicolae_shop_window_shopping,
          nicolae_shop_temple_entry_statues_fountains, shop,
          nicolae_shop_overgrown_old_shop, uniq_roxanne
Shoals:2: layout_shoals, uniq_ilsuiw
Shoals:3: layout_shoals, lemuel_oklob_altar
Shoals:4: shoals_end_grunt_ice, layout_shoals, serial_shops, bzr_entry_dummy,
          nicolae_shop_behind_doors, nicolae_shop_trees, shop, shop,
          nicolae_shoals_isolated_beach
Spider:1: layout_spider_delve, uniq_kirke
Spider:2: layout_spider_delve, special_room [special_room_bee]
Spider:3: layout_spider_delve, nicolae_spider_nook, uniq_arachne
Spider:4: johnstein_spider_rune_arachne_lair
Depths:1: layout_honeycomb, serial_shops, shop, grunt_hell_entry_dis_grunt,
          minmay_misc_feat_nine_boxes, evilmike_ruin_ashenzari, uniq_mara
Depths:2: minmay_nested_s, layout_cave_shapes, serial_sigils,
          serial_sigils_hangedman_quiver, serial_sigils_hangedman_carve,
          serial_sigils_hangedman_scratch, serial_sigils_hangedman_stare,
          serial_sigils_hangedman_clutch, hell_entry, eino_curves_03,
          minmay_staircase_bubble, uniq_aizul
Depths:3: little_maze_vault, layout_cave_pools, grunt_decor_resistance,
          lightli_too_deep, pan_entry, abyss_entry
Depths:4: kennysheep_scales, layout_gridlike, hell_entry, minmay_holes,
          enter_trove_5, abyss_entry, serial_shops, kennysheep_little_box,
          infiniplex_staircase_pillars_1, serial_bayou_shore_b
Depths:5: hangedman_spin_cycle, hell_entry
Zot:1:    gammafunk_mikee_crab_dinner, layout_misc_corridors, grunt_ministairs_9
Zot:2:    layout_basic, zot_minivault_4
Zot:3:    layout_misc_corridors, zot_minivault_8
Zot:4:    hangedman_orp_of_zott, layout_basic, grunt_megastairs_5
Zot:5:    layout_misc_corridors, lemuel_baited_zot_trap

Skill      XL: |  1  2  3  4  5  6  7  8  9 10 11 12 13 14 15 16 17 18 19 20 21 22 |
---------------+-------------------------------------------------------------------+-----
Fighting       | 3 4 5 6 7 8 10 11 12 13 14 15 16 17 18 19 | 19.3
Axes           | 3 4 5 6 7 8 10 11 12 13 14 15 16 17 18 | 18.0
Invocations    | 1 2 3 4 5 6 8 9 10 11 12 13 14 15 | 15.0
Shields        | 4 5 6 7 8 9 10 11 12 13 14 15 16 18 19 20 | 20.1
Armour         | 4 5 6 7 8 9 10 11 12 13 14 15 17 18 19 | 19.5
Evocations     | 3 5 7 9 10 | 10.0
Dodging        | 3 4 6 |  6.0

Action                   |  1- 3 |  4- 6 |  7- 9 | 10-12 | 13-15 | 16-18 | 19-21 | 22-24 || total
-------------------------+-------+-------+-------+-------+-------+-------+-------+-------++-------
Melee: War axe           |    48 |   127 |   328 |   586 |  1226 |   607 |       |       ||  2922
       Broad axe         |       |       |       |       |       |   516 |  1044 |   128 ||  1688
Invok: Lesser Servant of |       |       |       |     2 |     3 |       |       |       ||     5
       Greater Servant o |       |       |       |       |     1 |       |       |       ||     1
 Abil: Heal Wounds       |       |     7 |    17 |    11 |     8 |     2 |    20 |     2 ||    67
Evoke: Wand              |       |       |       |     1 |     1 |       |       |       ||     2
       Condenser vane    |       |       |       |     2 |     2 |     6 |     7 |       ||    17
       Tin of tremorston |       |       |       |       |       |     3 |     6 |       ||     9
  Use: Potion            |       |       |     1 |       |     2 |     5 |     5 |       ||    13
       Scroll            |       |       |    11 |     6 |    10 |     8 |     2 |       ||    37
 Stab: Sleeping          |       |     1 |       |       |       |       |       |       ||     1
       Confused          |       |       |       |     4 |       |       |       |       ||     4
       Distracted        |       |       |       |       |     2 |     1 |       |       ||     3
       Held in net/web   |       |       |       |       |     3 |       |       |       ||     3
       Invisible         |       |       |       |       |       |       |    13 |       ||    13
Armor: Scale mail        |    23 |    90 |    99 |       |       |       |       |       ||   212
       Plate armour      |       |       |    51 |   166 |       |       |       |       ||   217
       Chain mail        |       |       |       |   125 |   207 |       |       |       ||   332
       Gold dragon scale |       |       |       |       |   524 |   824 |   651 |    43 ||  2042
Dodge: Dodged            |    18 |    39 |    83 |   129 |   295 |   314 |   347 |    22 ||  1247
Block: Kite shield       |    20 |    86 |   131 |       |       |       |       |       ||   237
       Tower shield      |       |       |   145 |   717 |  1336 |  1246 |  1320 |   122 ||  4886
       Reflection        |       |       |     7 |    30 |    62 |       |       |       ||    99

Table legend: (Time is in decaauts)
 A = Elapsed time spent in this place.
 B = Non-inter-level travel time spent in this place.
 C = Inter-level travel time spent in this place.
 D = Time resting spent in this place.
 E = Time spent auto-exploring this place.
 F = Levels seen in this place.
 G = Mean time per level.
                   A        B        C        D        E       F      G
               +--------+--------+--------+--------+--------+-----+--------+
         Total |  18682 |  17156 |   1526 |    171 |   9823 |  42 |  444.8 |
       Dungeon |  10380 |   9603 |    777 |     29 |   6584 |  15 |  692.0 |
        Temple |     35 |     23 |     12 |      0 |     16 |   1 |   35.0 |
          Lair |   2072 |   1832 |    240 |      0 |   1515 |   3 |  690.7 |
        Shoals |   1249 |   1121 |    128 |    100 |    313 |   4 |  312.2 |
   Spider Nest |   1494 |   1279 |    215 |      0 |    335 |   4 |  373.5 |
        Depths |   1450 |   1314 |    136 |      0 |    522 |   5 |  290.0 |
           Zot |    955 |    939 |     16 |     42 |    159 |   5 |  191.0 |
         Abyss |    657 |    657 |      0 |      0 |    217 |   3 |  219.0 |
        Bazaar |     73 |     73 |      0 |      0 |     53 |   1 |   73.0 |
      Gauntlet |    311 |    311 |      0 |      0 |    108 |   1 |  311.0 |
               +--------+--------+--------+--------+--------+-----+--------+

Top non-repeatable levels by time:
     D:7: 1156 daAuts
  Lair:3: 1011 daAuts
    D:12: 987 daAuts
  Lair:2: 947 daAuts
    D:14: 899 daAuts
     D:6: 867 daAuts
     D:8: 835 daAuts
    D:15: 806 daAuts
     D:4: 800 daAuts
    D:11: 796 daAuts
     D:5: 784 daAuts
    D:10: 734 daAuts
     D:9: 676 daAuts
Depths:1: 671 daAuts
    D:13: 587 daAuts
